AoeStats
← Malik Bhai

Black Forest

503866731Analyzed
4v4 RM · 29d ago on Sep 2, 2026· 20m 14s· 8 players
Game mode
Random Map
Map size
Large (8 player)
Population
200
Speed
Normal
Resources
Standard
Victory
Conquest
Starting age
Dark Age
Ending age
Imperial Age
RankedLock teamsTeams togetherTeam positionsShared explorationLock speedFull tech treeHidden civsTurbo modeCheats
Victory
Defeat
🇩🇪 Inca · Germany
1632
+7
🇵🇰 Chinese · Pakistan
1581
+8
🇵🇰 Gurjaras · Pakistan
1567
+9
🇷🇺 Georgians · Russia
1481
+12
🇳🇱 Dravidians · Netherlands
1430
-10
🇮🇳 Malians · India
1396
-9
🇳🇿 Tatars · New Zealand
1388
-8
🇹🇼 Poles · Taiwan
1387
-8
Theoden_King
4:53 Loom
14:11 Feudal Age
Rien
2:45 Loom
11:49 Feudal Age
12:10 Man-at-Arms
12:48 Double-Bit Axe
16:00 Arson
17:21 Wheelbarrow
21:18 Castle Age
騷護士
1:33 Loom
11:26 Feudal Age
13:25 Double-Bit Axe
14:18 Wheelbarrow
14:57 Horse Collar
JayJayNico
9:11 Feudal Age
10:09 Feudal Age
15:00 Castle Age
13:58 Double-Bit Axe
15:05 Horse Collar
16:09 Bow Saw
CO[M]BO
0:26 Loom
14:40 Feudal Age
17:12 Double-Bit Axe
22:09 Castle Age
20:42 Fletching
Malik Bhai
7:10 Loom
12:06 Feudal Age
16:17 Castle Age
14:20 Double-Bit Axe
14:16 Horse Collar
17:33 Bow Saw
Diabo38
7:48 Loom
12:08 Feudal Age
13:17 Double-Bit Axe
13:41 Horse Collar
16:14 Castle Age
15:13 Bloodlines
16:50 Forging
16:56 Scale Barding Armor
17:24 Bow Saw
J_
0:51 Loom
11:05 Feudal Age
11:43 Double-Bit Axe
12:54 Horse Collar
14:48 Arson
17:48 Champi Runner
Connection lost

Rejoining the realm…

Still unreachable

The connection could not be restored.

Session expired

The server has moved on; the page needs a fresh start.